 Dungeon Crawl Stone Soup version 0.31-a0-486-g8d68a81214 (webtiles) character file.

Game seed: 5403577090777065558

17995 bmack86 the Severer (level 12, -24/106 HPs)
             Began as a Minotaur Fighter on Aug 8, 2023.
             Was a High Priest of Okawaru.
             Annihilated by a very large slime creature (52 damage)
             ... on level 12 of the Dungeon.
             The game lasted 00:34:59 (9522 turns).

bmack86 the Severer (Minotaur Fighter)              Turns: 9522, Time: 00:34:59

Health: -24/106    AC: 18    Str: 25    XL:     12   Next: 23%
Magic:  16/16      EV:  8    Int:  5    God:    Okawaru [*****.]
Gold:   1717       SH: 11    Dex: 11    Spells: 11/11 levels left

rFire   . . .        l - +5 broad axe (flame)
rCold   . . .        c - +0 buckler
rNeg    . . .        v - +2 chain mail {rPois}
rPois   +            (helmet restricted)
rElec   .            g - +1 cloak {rCorr}
rCorr   +            (no gloves)
SInv    .            F - +2 pair of boots {Stlth+}
Will    .....        r - amulet of reflection
Stlth   x              - +4 ring of slaying
HPRegen 0.37/turn    u - ring of flight
MPRegen 0.15/turn

%: reflection
@: flying
A: horns 2, retaliatory headbutt
a: Renounce Religion, Heroism, Finesse, Duel


You were on level 12 of the Dungeon.
You worshipped Okawaru.
Okawaru was extremely pleased with you.
You visited 2 branches of the dungeon, and saw 13 of its levels.

You collected 1717 gold pieces.

Inventory:

Hand Weapons
 a - a +0 war axe of freezing
 l - a +5 broad axe of flaming (weapon)
Missiles
 o - 7 boomerangs (quivered)
Armour
 c - a +0 buckler (worn)
 e - a scarf of resistance
 g - a +1 cloak of preservation (worn)
 j - a scarf of repulsion
 s - a +2 tower shield
 v - a +2 chain mail of poison resistance (worn)
 F - a +2 pair of boots of stealth (worn)
Jewellery
 r - an amulet of reflection (around neck)
 u - a ring of flight (right hand)
 x - a +4 ring of slaying (left hand)
 H - a ring of wizardry
Wands
 q - a wand of charming (8)
 y - a wand of mindburst (24)
 A - a wand of roots (3)
 C - a wand of acid (9)
 E - a wand of digging (8)
Scrolls
 f - a scroll of teleportation
 h - a scroll of vulnerability
 k - a scroll of revelation
 n - 2 scrolls of fog
 p - 4 scrolls of fear
 D - 2 scrolls of identify
 I - a scroll of immolation
 J - a scroll of poison
Potions
 b - a potion of attraction
 d - 2 potions of might
 i - a potion of magic
 m - a potion of brilliance
 w - 9 potions of curing
 z - 3 potions of resistance
 B - 3 potions of enlightenment
 G - 3 potions of heal wounds
 K - 2 potions of cancellation


   Skills:
 + Level 9.7 Fighting
 - Level 18.0 Axes
 + Level 6.6 Armour
 * Level 8.7 Shields
 + Level 7.6 Invocations


You had 11 spell levels left.
You didn't know any spells.
Your spell library contained the following spells:

 Spells                   Type           Power      Damage    Failure   Level
 Kiss of Death            Conj/Necr      0%         2d5       96%         1
 Necrotise                Necr           0%         1d4       96%         1
 Shock                    Conj/Air       0%         1d3       96%         1
 Sting                    Tmut/Pois      0%         1d3       96%         1
 Cigotuvi's Dreadful Rot  Necr/Pois/Air  0%         N/A       99%         2
 Poisonous Vapours        Pois/Air       0%         N/A       99%         2
 Sublimation of Blood     Necr           0%         N/A       99%         2
 Wereblood                Tmut           0%         N/A       99%         2
 Confusing Touch          Hex            0%         N/A       100%        3
 Dazzling Flash           Conj/Hex       0%         N/A       100%        3
 Inner Flame              Hex/Fire       0%         N/A       100%        3
 Ozocubu's Armour         Ice            0%         N/A       100%        3
 Swiftness                Air            0%         N/A       100%        3
 Vampiric Draining        Necr           0%         2d6       100%        3
 Volatile Blastmotes      Fire/Tloc      0%         2d10      100%        3
 Airstrike                Air            0%         2d(0-16)  100%        4
 Dispel Undead            Necr           0%         3d6       100%        4
 Fulminant Prism          Conj/Hex       0%         3d5       100%        4
 Iskenderun's Mystic Bla  Conj/Tloc      0%         2d3       100%        4
 Olgreb's Toxic Radiance  Pois           0%         N/A       100%        4
 Agony                    Necr           0%         N/A       100%        5
 Silence                  Hex/Air        0%         N/A       100%        5
 Yara's Violent Unravell  Hex/Tmut       0%         3d3       100%        5
 Enfeeble                 Hex            0%         N/A       100%        7
 Ozocubu's Refrigeration  Ice            0%         4d7       100%        7
 Death Channel            Necr           Unusable   N/A       N/A         6
 Summon Hydra             Summ           Unusable   N/A       N/A         7

Dungeon Overview and Level Annotations

Branches:
Dungeon (12/15)            Temple (1/1) D:4            Lair (0/5) D:8
    Orc (0/2) D:9

Altars:
Ashenzari
Cheibriados
Dithmenos
Elyvilon
Fedhas
Gozag
Hepliaklqana
Kikubaaqudgha
Makhleb
Nemelex Xobeh
Okawaru
Qazlal
Ru
Sif Muna
Trog
Uskayaw
Vehumet
Wu Jian
Xom
Yredelemnul
Zin
The Shining One

Shops:
D:7 [   D:8 (


Innate Abilities, Weirdness & Mutations

You have a pair of horns on your head.
You reflexively headbutt those who attack you in melee.


Message History

Things that are here:
a +0 dagger; a +0 robe; an orc corpse You slash the slime creature!
You burn the slime creature!
The slime creature is severely wounded.
You slash the orc! You burn the orc.
You kill the orc!
Okawaru accepts your kill.
You slash the orc warrior! You burn the orc warrior.
The slime creature hits you.
The orc warrior hits you with a +0 scimitar!
* * * LOW HITPOINT WARNING * * *
You hit the slime creature. You burn the slime creature.
The slime creature is severely wounded.
You slice the slime creature!! You burn the slime creature.
You barely miss the orc warrior. The slime creature closely misses you.
You furiously retaliate!
You headbutt the slime creature! You block the slime creature's attack.
Unknown command.
Unknown command.
You barely miss the slime creature.
The slime creature is heavily wounded.
You hit the slime creature but do no damage.
You slash the large slime creature! You burn the large slime creature.
You slice the orc warrior!! You burn the orc warrior.
You kill the orc warrior!
Okawaru accepts your kill.
You slice the slime creature!! You burn the slime creature.
The slime creature is almost dead.
You barely miss the slime creature. You slice the large slime creature!!
You burn the large slime creature.
Two slime creatures merge to form a very large slime creature.
The slime creature hits you but does no damage.
You block the slime creature's attack.
You barely miss the slime creature.
The slime creature is almost dead.
You hit the slime creature. You burn the slime creature.
You slash the very large slime creature!
You burn the very large slime creature.
The very large slime creature hits you!!!
You die...

~~...~~........#............
♣P..~♣.........#............
♣~...........>.#............
....................##
#!...............# .
#.....?..........# #..
#................#
#..#................#
#...)@J.............#
#...)JJ.#...........#
.......#..#...........#
....?..#..######.......
.......##.. .###.## ...(...
..# ....... ..# ##..... ...


You could see a very large slime creature and 2 slime creatures.

Vanquished Creatures
  A centaur warrior (D:9)
  2 boulder beetles (D:9)
  A two-headed ogre (D:8)
  Pikel (D:4)
  3 manticores
  3 ugly things
  2 cyclopes
  2 gargoyles (D:10)
  An unseen horror (D:11)
  3 rime drakes (D:8)
  4 komodo dragons
  4 trolls
  A raiju (shapeshifter) (D:9)
  A water elemental (D:12)
  3 shadows
  A wraith (D:9)
  21 yaks
  Grum (D:9)
  2 steam dragons
  A vampire mosquito (D:9)
  A swamp drake (D:8)
  4 orc warriors
  A black bear (D:5)
  3 sky beasts
  An ice beast (D:6)
  3 wolves (D:9)
  4 centaurs
  A boggart (D:9)
  2 phantoms (D:5)
  3 kobold brigands
  3 bullfrogs
  5 scorpions
  9 wights (D:8)
  The ghost of KarmaticGoose the Destabilizer, a weakling GnWn (D:3)
  10 killer bees
  An electric eel (D:12)
  A howler monkey (D:4)
  A gnoll bouda (D:7)
  3 orc priests
  7 hounds
  5 iguanas
  8 orc wizards
  An ogre zombie (D:6)
  3 gnolls (D:7)
  A gnoll zombie (D:6)
  6 adders
  3 white imps
  An ufetubus (D:5)
  A dart slug (D:4)
  33 orcs
  4 endoplasms
  5 giant cockroaches
  8 goblins
  3 hobgoblins
  8 jackals
  2 quokkas
  8 ball pythons
  13 bats
  24 kobolds
  7 rats
266 creatures vanquished.

Notes
Turn   | Place    | Note
-------+----------+-------------------------------------------
     0 | D:1      | bmack86 the Minotaur Fighter began the quest for the Orb.
     0 | D:1      | Reached XP level 1. HP: 19/19 MP: 0/0
    29 | D:1      | Reached skill level 3 in Axes
    51 | D:1      | Reached XP level 2. HP: 25/26 MP: 1/1
   169 | D:1      | Reached skill level 4 in Axes
   296 | D:1      | Reached XP level 3. HP: 31/31 MP: 2/2
   551 | D:2      | Reached skill level 5 in Axes
   703 | D:2      | Found a faded altar of an unknown god.
   965 | D:3      | Reached XP level 4. HP: 35/39 MP: 3/3
  1136 | D:3      | Reached skill level 6 in Axes
  1211 | D:3      | Reached XP level 5. HP: 45/45 MP: 4/4
  1428 | D:3      | Found a runed translucent gate.
  1428 | D:3      | Found a runed translucent gate.
  1432 | D:3      | Found a runed translucent gate.
  1432 | D:3      | Noticed KarmaticGoose's ghost (weakling GnWn)
  1445 | D:3      | Killed KarmaticGoose's ghost
  1446 | D:3      | Reached skill level 7 in Axes
  1676 | D:4      | Noticed Pikel
  1682 | D:4      | Noticed a lemure
  1683 | D:4      | Noticed a lemure
  1686 | D:4      | Noticed a lemure
  1688 | D:4      | Noticed a lemure
  1690 | D:4      | Killed Pikel
  1691 | D:4      | Reached skill level 9 in Axes
  1691 | D:4      | Reached XP level 6. HP: 47/51 MP: 5/5
  1691 | D:4      | Reached XP level 7. HP: 52/57 MP: 6/6
  1739 | D:4      | Found a staircase to the Ecumenical Temple.
  1748 | Temple   | Entered the Ecumenical Temple
  2039 | D:4      | Reached skill level 10 in Axes
  2569 | D:5      | Entered Level 5 of the Dungeon
  2612 | D:5      | Reached skill level 11 in Axes
  2640 | D:5      | Reached XP level 8. HP: 63/64 MP: 7/7
  2772 | D:5      | Identified a scroll of acquirement
  2774 | D:5      | Acquired a +0 broad axe of flaming
  3000 | D:5      | Reached skill level 12 in Axes
  3206 | D:5      | Found a shadowy altar of Dithmenos.
  3315 | D:6      | Found a transporter.
  3382 | D:6      | Reached skill level 13 in Axes
  3613 | D:6      | Found a transporter.
  3973 | D:7      | Found Ymumpoekh's Antique Armour Shoppe.
  4151 | D:7      | Reached skill level 14 in Axes
  4151 | D:7      | Reached XP level 9. HP: 70/70 MP: 8/8
  4607 | D:8      | Noticed a rime drake
  4672 | D:8      | Reached skill level 15 in Axes
  4726 | D:8      | Found Ocky's Antique Weapon Shop.
  4796 | D:8      | Found a snail-covered altar of Cheibriados.
  4797 | D:8      | Noticed a komodo dragon
  4798 | D:8      | Noticed a komodo dragon
  4804 | D:8      | Killed a komodo dragon
  4806 | D:8      | Killed a komodo dragon
  4811 | D:8      | Reached skill level 16 in Axes
  4949 | D:8      | Found a staircase to the Lair.
  4964 | D:8      | Noticed a komodo dragon
  4974 | D:8      | Killed a komodo dragon
  5132 | D:8      | Noticed a rime drake
  5154 | D:8      | Noticed a rime drake
  5163 | D:8      | Killed a rime drake
  5169 | D:8      | Killed a rime drake
  5170 | D:8      | Reached skill level 17 in Axes
  5170 | D:8      | Reached XP level 10. HP: 60/77 MP: 9/9
  5298 | D:8      | Found the +4 skin of Zhor {*Englaciate rC+++ SInv}
  5963 | D:9      | Found a white marble altar of Elyvilon.
  5963 | D:9      | Found an iron altar of Okawaru.
  5963 | D:9      | Found a glowing silver altar of Zin.
  5973 | D:9      | Found a blossoming altar of Fedhas.
  5974 | D:9      | Became a worshipper of Warmaster Okawaru
  6069 | D:9      | Found an opulent altar of Gozag.
  6071 | D:9      | Found a shimmering altar of Xom.
  6074 | D:9      | Found a shimmering blue altar of Sif Muna.
  6079 | D:9      | Found a sacrificial altar of Ru.
  6081 | D:9      | Found a stormy altar of Qazlal.
  6117 | D:9      | Noticed a boulder beetle
  6117 | D:9      | Noticed a boulder beetle
  6127 | D:9      | Reached skill level 1 in Invocations
  6137 | D:9      | Noticed Grum
  6139 | D:9      | Noticed a manticore
  6142 | D:9      | Noticed a manticore
  6147 | D:9      | Reached * piety under Okawaru
  6147 | D:9      | Killed a boulder beetle
  6148 | D:9      | Reached skill level 5 in Fighting
  6148 | D:9      | Reached skill level 18 in Axes
  6153 | D:9      | Killed a boulder beetle
  6153 | D:9      | Reached ** piety under Okawaru
  6159 | D:9      | Killed a manticore
  6160 | D:9      | Killed a manticore
  6161 | D:9      | Reached skill level 5 in Invocations
  6161 | D:9      | Reached XP level 11. HP: 14/91 MP: 11/13
  6161 | D:9      | HP: 2/91 [Grum/+0 spear (12)]
  6429 | D:9      | Noticed a centaur warrior
  6430 | D:9      | Noticed a two-headed ogre
  6442 | D:9      | HP: 3/92 [centaur warrior/arrow (15)]
  6706 | D:8      | Killed a two-headed ogre
  6706 | D:8      | Reached *** piety under Okawaru
  6812 | D:9      | Killed a centaur warrior
  6816 | D:9      | Killed Grum
  6846 | D:9      | Noticed a green ugly thing
  6872 | D:9      | Killed a green ugly thing
  6872 | D:9      | Reached **** piety under Okawaru
  7074 | D:9      | Identified the +2 trident of the Squeaky God {flame, *Noise
                  | rCorr Int+3}
  7135 | D:9      | Found a staircase to the Orcish Mines.
  7506 | D:10     | Entered Level 10 of the Dungeon
  7544 | D:10     | Reached skill level 5 in Shields
  8003 | D:10     | Reached skill level 5 in Armour
  8097 | D:10     | Reached ***** piety under Okawaru
  8595 | D:11     | Acquired 902 gold pieces
  8664 | D:11     | Noticed a brown ugly thing
  8674 | D:11     | Killed a brown ugly thing
  8823 | D:11     | Received a gift from Okawaru
  8824 | D:11     | Reached XP level 12. HP: 103/104 MP: 16/16
  9522 | D:12     | Annihilated by a very large slime creature

Illustrated notes

Levels and vault maps discovered:
D:1:      saegor_arrival_simple_a, layout_rooms
D:2:      layout_rooms, shapermc_ecumenical_altar_pompeii, hex_tiny,
          minmay_misc_feat_doors
D:3:      layout_rooms, ebering_ghost_rock_garden
D:4:      layout_loops_cross, temple_fountains, serial_forest,
          infiniplex_forest_straight_1, infiniplex_forest_clump_cross,
          infiniplex_forest_lined_4_way, infiniplex_forest_end_3,
          infiniplex_forest_straight_5, infiniplex_forest_clump_C,
          infiniplex_forest_lined_corner, infiniplex_forest_lined_ring,
          dreamdust_wishing_well, uniq_pikel
D:5:      layout_loops_cross, grunt_dithmenos_smoke, minmay_fountain_box,
          grunt_decor_cap, minmay_between
D:6:      gammafunk_cloud_chamber, layout_cave_pools
D:7:      layout_basic, serial_shops, kennysheep_little_box,
          nicolae_lava_and_water, nrook_campfire,
          nicolae_kite_square_tiling_tiny, chequers_jeans
D:8:      layout_basic, mainiacjoe_overflow_boulevard, erik_lair_dragon,
          serial_shops, nicolae_shop_peninsula, hellmonk_guarded_unrand_zhor
D:9:      minmay_cut_squares, layout_loops_cross,
          nicolae_overflow_hallway_of_the_gods, uniq_grum
D:10:     kennysheep_ambush_hall, layout_irregular_city
D:11:     layout_loops_ring
D:12:     layout_basic, portal_ice_cave_entry_animals_and_master,
          roderic_nine_men_s_morris, serial_bayou_ford_a, uniq_josephine
Temple:   minmay_temple_curvy_loop

Skill      XL: |  1  2  3  4  5  6  7  8  9 10 11 12 |
---------------+-------------------------------------+-----
Axes           | 3 4 5 6 9 11 14 17 18 | 18.0
Fighting       | 6 9 |  9.7
Invocations    | 5 7 |  7.6
Shields        | 7 8 |  8.7
Armour         | 5 6 |  6.6

Action                     |  1- 3 |  4- 6 |  7- 9 | 10-12 || total
---------------------------+-------+-------+-------+-------++-------
  Melee: War axe           |    91 |    63 |    80 |       ||   234
         Headbutt          |     5 |    13 |    31 |    40 ||    89
         Broad axe         |       |       |   127 |   204 ||   331
  Throw: Boomerang         |       |     2 |       |       ||     2
    Use: Scroll            |       |     3 |    17 |    11 ||    31
         Potion            |       |       |       |     8 ||     8
 Armour: Scale mail        |    98 |    12 |       |       ||   110
         Chain mail        |       |    20 |   100 |   117 ||   237
  Dodge: Dodged            |   106 |    21 |    52 |    62 ||   241
  Block: Buckler           |    39 |    23 |    75 |   111 ||   248
         Reflection        |       |       |     2 |    16 ||    18

Table legend: (Time is in decaauts)
 A = Elapsed time spent in this place.
 B = Non-inter-level travel time spent in this place.
 C = Inter-level travel time spent in this place.
 D = Time resting spent in this place.
 E = Time spent auto-exploring this place.
 F = Levels seen in this place.
 G = Mean time per level.
                   A        B        C        D        E       F      G
               +--------+--------+--------+--------+--------+-----+--------+
         Total |   9510 |   9277 |    233 |   1110 |   5667 |  13 |  731.5 |
       Dungeon |   9508 |   9275 |    233 |   1110 |   5667 |  12 |  792.3 |
        Temple |      1 |      1 |      0 |      0 |      0 |   1 |    1.0 |
               +--------+--------+--------+--------+--------+-----+--------+

Top non-repeatable levels by time:
     D:8: 1947 daAuts
    D:10: 1060 daAuts
     D:9: 997 daAuts
     D:4: 924 daAuts
    D:11: 809 daAuts
     D:5: 744 daAuts
     D:2: 663 daAuts
     D:6: 620 daAuts
     D:7: 598 daAuts
     D:3: 541 daAuts
     D:1: 487 daAuts
    D:12: 113 daAuts
  Temple: 1 daAuts
